 Dungeon Crawl Stone Soup version 0.31.0-12-g77e489cdc1 (webtiles) character file.

Game seed: 14332781601584319673

16643 Meerkeek the Fighter (level 12, -9/100 (105) HPs)
             Began as a Barachi Summoner on Feb 16, 2024.
             Was an Initiate of Gozag.
             Mangled by Rupert
             ... wielding a +4 great sword of draining
              (44 damage)
             ... on level 12 of the Dungeon.
             The game lasted 00:29:39 (11836 turns).

Meerkeek the Fighter (Barachi Summoner)            Turns: 11836, Time: 00:29:39

HP:   -9/100 (105)  AC: 10    Str: 13    XL:     12   Next: 39%
MP:   12/25         EV: 15    Int: 19    God:    Gozag
Gold: 1724          SH:  0    Dex: 16    Spells: 8/17 levels left

rFire   . . .        b - +7 rapier "Mana" {venom, Str+2 Dex+3 Stlth+}
rCold   . . .        (no shield)
rNeg    + . .        o - +2 robe {rN+}
rPois   .            x - +1 helmet
rElec   .            J - +0 cloak
rCorr   .            (no gloves)
SInv    .            w - +2 pair of boots {Stlth+}
Will    .....        i - amulet of regeneration
Stlth   +++++        M - ring of magical power
HPRegen 1.16/turn    (no ring)
MPRegen 0.19/turn

%: no passive effects
@: gold aura, unable to call your familiar, very slightly contaminated, lightly
drained, slow
A: amphibious, slowness 1, strong legs 1, +LOS
a: Hop, Renounce Religion, Potion Petition, Call Merchant, Bribe Branch


You were on level 12 of the Dungeon.
You worshipped Gozag.
Gozag was most pleased with you.
You visited 2 branches of the dungeon, and saw 13 of its levels.
You also visited: Bailey.

You collected 2009 gold pieces.
You spent 197 gold pieces at shops.
You paid 88 gold pieces to Gozag.


Innate Abilities, Weirdness & Mutations

You are amphibious.
You cover ground slowly.
You can hop short distances.
You have an extended range of vision and can be seen from far away.


   Skills:
 - Level 13.0 Fighting
 + Level 8.2(11.0) Short Blades
 - Level 12.6(13.7) Long Blades
 - Level 6.0 Dodging
 - Level 6.0 Stealth
 - Level 3.0 Spellcasting
 - Level 9.0 Summonings
 - Level 3.0 Air Magic


You had 8 spell levels left.
You knew the following spells:

 Your Spells              Type           Power      Damage    Failure   Level
c - Call Imp              Summ           74%        N/A       1%          2
f - Call Canine Familiar  Summ           37%        N/A       1%          3
l - Summon Lightning Spi  Summ/Air       25%        N/A       13%         4

Your spell library contained the following spells:

 Spells                   Type           Power      Damage    Failure   Level
 Summon Small Mammal      Summ           100%       N/A       1%          1
 Summon Blazeheart Golem  Fire/Summ      19%        N/A       24%         4
 Cause Fear               Hex            1%         N/A       83%         4
 Olgreb's Toxic Radiance  Alch           2%         N/A       83%         4
 Fireball                 Conj/Fire      1%         3d3       99%         5
 Ozocubu's Refrigeration  Ice            1%         4d7       100%        7
 Discord                  Hex            1%         N/A       100%        8
 Dragon's Call            Summ           18%        N/A       100%        9

Inventory:

Hand Weapons
 a - the +5 long sword "Foli Ela" {flame, rN+}
   (You found it on level 5 of the Dungeon)

   rN+:       It protects you from negative energy.
 b - the +7 rapier "Mana" (weapon) {venom, Str+2 Dex+3 Stlth+}
   (You took it off a spriggan in a bailey)

   Str+2:     It affects your strength (+2).
   Dex+3:     It affects your dexterity (+3).
   Stlth+:    It makes you more stealthy.
Missiles
 j - 2 curare-tipped darts {=f}
Armour
 o - a +2 robe of positive energy (worn)
 w - a +2 pair of boots of stealth (worn)
 x - a +1 helmet (worn)
 J - a +0 cloak (worn)
Jewellery
 i - an amulet of regeneration (around neck)
 M - a ring of magical power (left hand)
Wands
 n - a wand of flame (29)
 s - a wand of charming (24)
 z - a wand of acid (8)
Scrolls
 e - a scroll of identify {@r1}
 f - 2 scrolls of enchant armour
 g - 5 scrolls of fog
 h - 3 scrolls of fear
 k - a scroll of amnesia
 l - 3 scrolls of enchant weapon
 r - 6 scrolls of blinking
 u - 4 scrolls of teleportation {@r2}
 v - 3 scrolls of immolation
 A - a scroll of noise
 B - 2 scrolls of poison
 I - a scroll of butterflies
Potions
 c - 3 potions of ambrosia
 m - 7 potions of curing {@q1}
 p - 3 potions of brilliance
 q - a potion of magic
 t - 2 potions of haste {@q3}
 D - a potion of cancellation
 F - a potion of resistance
 G - a potion of might
 H - a potion of invisibility
 L - a potion of attraction {unknown}
 N - 3 potions of heal wounds {unknown}
Miscellaneous
 d - a phantom mirror
 C - a phial of floods
 E - a box of beasts

Dungeon Overview and Level Annotations

Branches:
Dungeon (12/15)            Temple (1/1) D:6            Lair (0/5) D:11
    Orc (0/2) D:10         Bailey (visited)

Altars:
Ashenzari
Cheibriados
Dithmenos
Elyvilon
Fedhas
Gozag
Hepliaklqana
Kikubaaqudgha
Makhleb
Nemelex Xobeh
Okawaru
Qazlal
Ru
Sif Muna
Trog
Uskayaw
Vehumet
Wu Jian
Xom
Yredelemnul
Zin
The Shining One

Shops:
D:4 *   D:8 *   D:9 :*

Portals:
Ice
Cave: D:12

Annotations:
D:3 3 runed translucent doors, glumbocoin's ghost, amateur DjFE
D:12 Rupert

......................#,,,,,,,*,,
...#####..............#,,,,,,,*,,
+#.*,,,#..............+,,,,,,,*,,
,#,*,,,#..########....#,,,,,,,*,,
,*,*,,,#..#,,,,,,#....#,,,,,,,*,,
,***,,,####,,,,,,#....#######**,,
,,,,,,,,,,,,,,####....≈......,,,,
,,,,,,,,^,,,,,#.@...≈#...@...,,,,
,,,,,,,,,,,,,,#8@.$≈#≈..#....,,,,
,,,,,,,,,,,,,,+...$#≈...#~!.#****
,,,,,,,,,,,,,,#...≈.....#~,##
,,,,,,********#........∩#~,*
,,,,,,*,,,,,,.......#####~,*
,,,,,,+,,***##.......≈~~~~,*
***+***,,*,,,#.........,,,,*
,,,,,,,,,+,,,#..######..,,,******
,,,,,,,,,*,,,#..*,,,,,#..,,,,,,,*


You could see Rupert (berserk, ally target) and a friendly lightning spire
(summoned).


Message History

The bolt of electricity hits the rime drake!
The rime drake dies!
Your lightning spire shoots out a bolt of lightning at Rupert!
The bolt of electricity hits Rupert!
Rupert hits your lightning spire with a +4 great sword of draining!!
Your lightning spire is destroyed!
Your lightning spire disappears in a puff of smoke!
Your inugami hits Rupert.
Rupert hits your inugami with a +4 great sword of draining!!!
Your inugami dies!
Your inugami disappears in a puff of smoke!
Rupert shouts!
Casting: Call Canine Familiar (safe; 1% risk of failure)
Confirm with . or Enter, or press ? or * to list all spells.
You miscast Summon Lightning Spire.
You are very lightly contaminated with residual magic.
There is a short, sharp shower of sparks!
Rupert hits you with a +4 great sword of draining!
You partially resist.
You feel drained.
Casting: Summon Lightning Spire (dangerous; 13% risk of failure)
Confirm with . or Enter, or press ? or * to list all spells.
An electric hum fills the air.
Rupert hits you with a +4 great sword of draining!!
* * * LOW HITPOINT WARNING * * *
You partially resist.
You feel drained.
* * * LOW HITPOINT WARNING * * *
Rupert hits you with a +4 great sword of draining!!!
You die...
Rupert roars with triumph.
Your body crumbles into a pile of gold.

Skill      XL: |  1  2  3  4  5  6  7  8  9 10 11 12 |
---------------+-------------------------------------+-----
Fighting       | 1 3 4 6 7 9 11 13 | 13.0
Summonings     | 5 7 8 9 |  9.0
Stealth        | 2 4 6 |  6.0
Spellcasting   | 3 |  3.0
Dodging        | 4 6 |  6.0
Long Blades    | 7 9 12 | 12.6
Air Magic      | 2 3 |  3.0
Short Blades   | 5 8 |  8.2

Action                     |  1- 3 |  4- 6 |  7- 9 | 10-12 || total
---------------------------+-------+-------+-------+-------++-------
  Melee: Rapier            |    53 |   140 |    43 |   132 ||   368
         Punch             |       |     4 |     1 |     7 ||    12
         Long sword        |       |       |   166 |   162 ||   328
   Cast: Summon Small Mamm |    15 |       |     1 |       ||    16
         Call Imp          |     7 |     4 |     5 |       ||    16
         Call Canine Famil |       |     7 |    14 |    12 ||    33
         Summon Lightning  |       |       |     5 |    35 ||    40
Ability: Hop               |     1 |       |       |       ||     1
  Evoke: Wand              |       |       |       |     5 ||     5
    Use: Scroll            |       |     3 |    14 |     7 ||    24
         Potion            |       |       |       |     1 ||     1
   Stab: Sleeping          |       |     3 |     6 |     4 ||    13
         Distracted        |       |     1 |       |    11 ||    12
 Armour: Robe              |    42 |    97 |   201 |   200 ||   540
  Dodge: Dodged            |    34 |   122 |   211 |   183 ||   550

Levels and vault maps discovered:
D:1:      dpeg_arrival_boxes_within_box, layout_basic,
          shapermc_ecumenical_altar_totnotflames, nrook_campfire,
          chequers_serial_rivers_room_a
D:2:      layout_basic, basic_altar, minmay_strange_pillars, uniq_sigmund,
          uniq_robin, uniq_jessica
D:3:      layout_rooms, mainiacjoe_overflow_24_doors,
          mainiacjoe_overflow_divided_tiny, gammafunk_ghost_icy, chequers_avenue
D:4:      layout_rooms, serial_shops, nicolae_shop_window_shopping,
          nicolae_elevator_lobby_plus
D:5:      layout_rooms, marbit_many_paths
D:6:      kennysheep_big_flooded_room, layout_basic,
          minmay_temple_entry_gardened_gates
D:7:      layout_basic
D:8:      layout_basic, mainiacjoe_overflow_catwalk, serial_aquarium,
          aquarium_bridge_island_small [aquarium_subvault_small_water,
          aquarium_subvault_window, aquarium_subvault_bridge,
          aquarium_subvault_bridge, aquarium_subvault_bridge],
          aquarium_bridge_square [aquarium_subvault_bridge,
          aquarium_subvault_bridge, aquarium_subvault_bridge,
          aquarium_subvault_wall], aquarium_window_2, aquarium_window_corner,
          aquarium_view_2c, serial_shops, shop, hex_intersection,
          minmay_pinched_square, uniq_psyche, uniq_joseph
D:9:      layout_loops_corners, hellmonk_sif_muna_bookshelves, enter_bailey_5,
          serial_shops, nicolae_shop_rolling_square, kennysheep_little_box
D:10:     layout_loops_cross, david_orc_3
D:11:     dreamdust_cave_troll, layout_long_grid, erik_lair_island
D:12:     layout_irregular_city, portal_ice_cave_rime, serial_shops,
          nicolae_diamond_shop, uniq_rupert
Temple:   eino_temple_rhombus

Notes
Turn   | Place    | Note
-------+----------+-------------------------------------------
     0 | D:1      | Meerkeek the Barachi Summoner began the quest for the Orb.
     0 | D:1      | Reached XP level 1. HP: 13/13 MP: 3/3
   149 | D:1      | Reached skill level 1 in Fighting
   230 | D:1      | Reached XP level 2. HP: 22/22 MP: 1/5
   233 | D:1      | Learned a level 2 spell: Call Imp
   294 | D:1      | Reached skill level 2 in Fighting
   459 | D:1      | Found a faded altar of an unknown god.
  1053 | D:2      | Noticed Robin
  1166 | D:2      | Noticed Jessica
  1205 | D:2      | Killed Jessica
  1206 | D:2      | Reached skill level 3 in Fighting
  1206 | D:2      | Reached skill level 5 in Summonings
  1206 | D:2      | Reached skill level 2 in Stealth
  1206 | D:2      | Reached XP level 3. HP: 29/29 MP: 1/6
  1397 | D:2      | Noticed Sigmund
  1448 | D:1      | Learned a level 3 spell: Call Canine Familiar
  1592 | D:2      | Reached XP level 4. HP: 37/37 MP: 7/7
  1609 | D:2      | Reached skill level 4 in Fighting
  1621 | D:2      | Killed Robin
  1772 | D:2      | Killed Sigmund
  1773 | D:2      | Reached skill level 6 in Summonings
  1773 | D:2      | Reached skill level 7 in Summonings
  1773 | D:2      | Reached XP level 5. HP: 43/43 MP: 4/8
  1773 | D:2      | Reached XP level 6. HP: 49/49 MP: 4/9
  2005 | D:2      | Found a shimmering altar of Xom.
  2149 | D:3      | Found a runed translucent gate.
  2149 | D:3      | Found a runed translucent gate.
  2149 | D:3      | Found a runed translucent gate.
  2198 | D:3      | Found a broken altar of Ashenzari.
  2210 | D:3      | Reached skill level 5 in Fighting
  2434 | D:3      | Identified the +3 falchion of Entrepreneurial Spirit
                  | {venom, *Rage rN++ rCorr Str+2}
  2511 | D:3      | Found a bloodstained altar of Trog.
  2512 | D:3      | Found a shadowy altar of Dithmenos.
  2622 | D:3      | Noticed glumbocoin's ghost (amateur DjFE)
  2678 | D:4      | Reached skill level 6 in Fighting
  2909 | D:4      | Reached XP level 7. HP: 44/58 MP: 7/10
  2964 | D:4      | Reached skill level 3 in Spellcasting
  3178 | D:4      | Found Heusi's General Store.
  3181 | D:4      | Bought a +1 pair of boots of stealth for 165 gold pieces
  3344 | D:5      | Entered Level 5 of the Dungeon
  3363 | D:5      | Reached skill level 8 in Summonings
  3404 | D:5      | Identified the +5 long sword "Foli Ela" {flame, rN+}
  3416 | D:5      | Reached skill level 3 in Dodging
  3480 | D:5      | Reached skill level 4 in Dodging
  3484 | D:5      | Reached skill level 7 in Fighting
  3484 | D:5      | Reached XP level 8. HP: 40/67 MP: 7/12
  3485 | D:5      | Reached skill level 1 in Long Blades
  3497 | D:5      | Reached skill level 2 in Long Blades
  3592 | D:5      | Reached skill level 3 in Long Blades
  3792 | D:5      | Found a sparkling altar of Nemelex Xobeh.
  3895 | D:6      | Reached skill level 4 in Long Blades
  3929 | D:6      | Noticed a cyclops
  3957 | D:6      | Noticed a troll
  3981 | D:6      | Reached skill level 5 in Long Blades
  3988 | D:6      | Killed a troll
  3989 | D:6      | Reached skill level 7 in Long Blades
  3996 | D:6      | Learned a level 4 spell: Summon Lightning Spire
  4037 | D:6      | Reached skill level 1 in Air Magic
  4220 | D:6      | Found a staircase to the Ecumenical Temple.
  4229 | D:6      | Reached skill level 2 in Air Magic
  4229 | D:6      | Reached XP level 9. HP: 68/74 MP: 13/13
  4233 | Temple   | Entered the Ecumenical Temple
  4243 | Temple   | Became a worshipper of Gozag Ym Sagoz the Greedy
  4391 | D:6      | HP: 6/74 [cyclops (25)]
  4393 | D:6      | Killed a cyclops
  4394 | D:6      | Reached skill level 8 in Fighting
  4394 | D:6      | Reached skill level 3 in Air Magic
  4394 | D:6      | Reached skill level 8 in Long Blades
  4918 | D:7      | Reached skill level 9 in Long Blades
  4982 | D:7      | Reached skill level 9 in Summonings
  5324 | D:7      | Reached skill level 9 in Fighting
  6142 | D:8      | Reached XP level 10. HP: 74/85 MP: 1/14
  6147 | D:8      | Reached skill level 10 in Fighting
  6405 | D:8      | HP: 5/82 [wight/+3 morningstar (7)]
  6613 | D:8      | Found Avacw's Assorted Antiques.
  6658 | D:8      | Noticed Psyche
  6665 | D:8      | Killed Psyche
  6666 | D:8      | Reached skill level 10 in Long Blades
  6863 | D:8      | Found an iron altar of Okawaru.
  6890 | D:8      | Reached skill level 11 in Long Blades
  7145 | D:8      | Noticed a two-headed ogre
  7151 | D:8      | Killed a two-headed ogre
  7152 | D:8      | Reached skill level 12 in Long Blades
  7152 | D:8      | Reached skill level 5 in Dodging
  7179 | D:8      | Noticed a centaur warrior
  7191 | D:8      | Killed a centaur warrior
  7192 | D:8      | Reached skill level 6 in Dodging
  7206 | D:8      | Reached skill level 11 in Fighting
  7206 | D:8      | Reached XP level 11. HP: 29/93 MP: 4/15
  7206 | D:8      | Noticed a deep elf pyromancer
  7210 | D:8      | Killed a deep elf pyromancer
  7214 | D:8      | Noticed Joseph
  7219 | D:8      | HP: 4/95 [Joseph/+0 quarterstaff (10)]
  7220 | D:8      | Killed Joseph
  7221 | D:8      | Reached skill level 12 in Fighting
  7301 | D:8      | Noticed a green ugly thing
  7361 | D:8      | Killed a green ugly thing
  7976 | D:9      | Found Risatsae's Book Emporium.
  8049 | D:9      | Found a flagged portal.
  8066 | Bailey   | Entered a bailey
  8314 | Bailey   | Identified the +7 rapier "Mana" {venom, Str+2 Dex+3 Stlth+}
  8381 | Bailey   | Noticed a two-headed ogre
  8388 | Bailey   | Reached skill level 13 in Fighting
  8404 | Bailey   | Killed a two-headed ogre
  8677 | D:9      | Reached skill level 1 in Short Blades
  8723 | D:9      | Reached skill level 2 in Short Blades
  8729 | D:9      | Reached skill level 3 in Short Blades
  8857 | D:9      | Found a shimmering blue altar of Sif Muna.
  9387 | D:9      | Found Omak's General Store.
  9393 | D:9      | Bought a scroll of identify for 32 gold pieces
  9640 | D:10     | Entered Level 10 of the Dungeon
  9650 | D:10     | Reached skill level 4 in Short Blades
  9663 | D:10     | Reached skill level 3 in Stealth
  9718 | D:10     | Found a staircase to the Orcish Mines.
  9935 | D:10     | Reached skill level 5 in Short Blades
  9938 | D:10     | Reached skill level 4 in Stealth
  9956 | D:10     | Reached XP level 12. HP: 48/105 MP: 16/16
 10403 | D:10     | Identified a potion of resistance
 10434 | D:11     | Reached skill level 6 in Short Blades
 10441 | D:11     | Reached skill level 5 in Stealth
 10615 | D:11     | Found a staircase to the Lair.
 10922 | D:11     | Noticed a two-headed ogre
 10936 | D:11     | Killed a two-headed ogre
 11229 | D:11     | Reached skill level 7 in Short Blades
 11638 | D:11     | Reached skill level 6 in Stealth
 11818 | D:12     | Found a frozen archway.
 11819 | D:12     | Noticed Rupert
 11831 | D:12     | Reached skill level 8 in Short Blades
 11836 | D:12     | Mangled by Rupert

Vanquished Creatures
  2 two-headed ogres
  A deep troll (D:11)
  A deep elf pyromancer (D:8)
  An ugly thing (D:8)
  A cyclops (D:6)
  Joseph (D:8)
  A komodo dragon (D:10)
  A troll (D:6)
  8 yaks
  A shadow (D:11)
  3 wraiths
  4 spriggans (Bailey)
  A wyvern (D:9)
  4 vampire mosquitoes
  2 steam dragons
  3 sky beasts
  2 orc warriors
  2 ogres (Bailey)
  3 centaurs
  A wolf (D:11)
  3 phantoms
  3 bullfrogs
  A kobold brigand (D:6)
  A gnoll sergeant (D:10)
  2 wights (D:8)
  3 killer bees (D:9)
  A bombardier beetle (D:7)
  4 electric eels (D:11)
  5 howler monkeys
  A jelly (D:6)
  8 hounds
  2 gnoll boudas
  3 orc priests
  4 iguanas
  3 orc wizards
  2 sleepcaps
  4 adders
  5 gnolls
  2 white imps
  13 orcs
  6 endoplasms
  A giant cockroach (D:3)
  13 goblins
  3 hobgoblins
  4 quokkas
  5 ball pythons
  2 bats (D:1)
  A frilled lizard (D:1)
  6 kobolds
  3 rats (D:2)
157 creatures vanquished.

Vanquished Creatures (collateral kills)
  A centaur warrior (D:8)
  A two-headed ogre (Bailey)
  A cyclops (D:12)
  An unseen horror (D:11)
  2 rime drakes (D:12)
  2 trolls
  Psyche (D:8)
  Sigmund (D:2)
  A spriggan (Bailey)
  A wraith (D:10)
  7 yaks
  A vampire mosquito (D:10)
  A water moccasin (D:7)
  An acid dragon (D:9)
  A laughing skull (D:8)
  3 orc warriors
  An ice beast (D:8)
  4 ogres
  A centaur (D:5)
  3 wolves (D:11)
  A bullfrog (D:7)
  A gnoll sergeant (D:8)
  3 wights (D:8)
  3 howler monkeys
  4 hounds
  4 orc priests
  2 sleepcaps
  Jessica (D:2)
  An iguana (D:5)
  An orc wizard (D:7)
  Robin (D:2)
  7 gnolls
  An adder (D:5)
  2 dart slugs (D:3)
  12 orcs
  3 endoplasms
  A giant cockroach (D:4)
  6 goblins
  4 hobgoblins
  2 jackals (D:2)
  2 ball pythons
  A bat (D:3)
  A frilled lizard (D:2)
  3 kobolds
102 creatures vanquished.

Grand Total: 259 creatures vanquished

Table legend: (Time is in decaauts)
 A = Elapsed time spent in this place.
 B = Non-inter-level travel time spent in this place.
 C = Inter-level travel time spent in this place.
 D = Time resting spent in this place.
 E = Time spent auto-exploring this place.
 F = Levels seen in this place.
 G = Mean time per level.
                   A        B        C        D        E       F      G
               +--------+--------+--------+--------+--------+-----+--------+
         Total |  13201 |  12777 |    424 |   2625 |   7679 |  14 |  942.9 |
       Dungeon |  12624 |  12211 |    413 |   2488 |   7445 |  12 | 1052.0 |
        Temple |     24 |     14 |     10 |      0 |      0 |   1 |   24.0 |
        Bailey |    553 |    553 |      0 |    137 |    234 |   1 |  553.0 |
               +--------+--------+--------+--------+--------+-----+--------+

Top non-repeatable levels by time:
     D:8: 1971 daAuts
    D:11: 1488 daAuts
     D:7: 1486 daAuts
     D:1: 1402 daAuts
     D:9: 1295 daAuts
     D:2: 1043 daAuts
     D:6: 995 daAuts
    D:10: 882 daAuts
     D:4: 791 daAuts
     D:3: 629 daAuts
     D:5: 589 daAuts
  Bailey: 553 daAuts
    D:12: 48 daAuts
  Temple: 24 daAuts

Table legend:
 A = Non-vault XP
 B = Vault XP
 C = Vault XP percentage of total XP
 D = Non-vault monster count
 E = Vault monster count
 F = Vault count percentage of total count
                 A         B        C        D         E       F
            +---------+---------+-------+---------+---------+-------
      Total |   13225 |   10552 |  44.4 |     195 |      64 |  24.7
            +---------+---------+-------+---------+---------+-------
        D:1 |      37 |       0 |   0.0 |      16 |       0 |   0.0
        D:2 |      41 |     305 |  88.2 |      19 |      14 |  42.4
        D:3 |      82 |       0 |   0.0 |      14 |       0 |   0.0
        D:4 |     300 |       0 |   0.0 |      15 |       0 |   0.0
        D:5 |     734 |      43 |   5.5 |      15 |       1 |   6.2
        D:6 |     856 |     703 |  45.1 |      22 |       2 |   8.3
        D:7 |    1276 |       0 |   0.0 |      22 |       0 |   0.0
        D:8 |    2171 |    4587 |  67.9 |      19 |      17 |  47.2
        D:9 |    1528 |       7 |   0.5 |      10 |       4 |  28.6
       D:10 |    3438 |      53 |   1.5 |      27 |       5 |  15.6
       D:11 |    2236 |    1567 |  41.2 |      15 |       8 |  34.8
       D:12 |     526 |     709 |  57.4 |       1 |       2 |  66.7
     Bailey |       0 |    2578 | 100.0 |       0 |      11 | 100.0
            +---------+---------+-------+---------+---------+-------
